 Seeded DCSS version 0.27.1 (webtiles) character file.

Game seed: 4742044734413909838 (custom seed)

437 oldmanjim the Stinger (level 7, -2/54 HPs)
             Began as a Merfolk Venom Mage on Aug 20, 2021.
             Was a Priest of Lugonu.
             Slain by Duvessa (14 damage)
             ... on level 6 of the Dungeon on Aug 21, 2021.
             The game lasted 00:28:04 (3315 turns).

oldmanjim the Stinger (Merfolk Venom Mage)          Turns: 3315, Time: 00:28:05

Health: -2/54      AC:  3    Str: 14    XL:     7   Next: 1%
Magic:  9/10       EV: 14    Int: 15    God:    Lugonu [***...]
Gold:   1249       SH:  0    Dex: 14    Spells: 7/10 levels left

rFire    . . .     SeeInvis +   f - +2 dagger (venom)
rCold    + . .     Faith    .   (no shield)
rNeg     . . .     Spirit   .   a - +0 robe
rPois    .         Reflect  .   (no helmet)
rElec    .         Harm     .   (no cloak)
rCorr    .         Rampage  .   (no gloves)
Will     .....                  e - +0 pair of boots
Stlth    ++........             x - amulet of magic regeneration
HPRegen  0.18/turn              h - ring "Uppahy" {rC+ Str+4 Slay+2 SInv}
MPRegen  0.37/turn              (no ring)

@: lethally poisoned (-2 -> -50)
A: (nimble swimmer 2), mertail
a: Renounce Religion, Depart the Abyss, Bend Space, Banish


You were on level 6 of the Dungeon.
You worshipped Lugonu.
Lugonu was most pleased with you.
You visited 1 branch of the dungeon, and saw 4 of its levels.

You collected 1249 gold pieces.

Inventory:

Hand Weapons
 f - a +2 dagger of venom (weapon)
 v - a +0 spear
Missiles
 b - 21 sling bullets
 d - 97 bolts
 k - 11 poisoned darts
 l - 29 stones
 n - 5 javelins
 p - 33 arrows
Armour
 a - a +0 robe (worn)
 e - a +0 pair of boots (worn)
Jewellery
 g - a ring of ice
 h - the ring "Uppahy" (left hand) {rC+ Str+4 Slay+2 SInv}
   (You acquired it on level 1 of the Dungeon)

   [ring of see invisible]

   Str:       It affects your strength (+4).
   Slay:      It affects your accuracy & damage with ranged weapons and melee
   (+2).
   rC:        It protects you from cold.
   SInv:      It lets you see invisible.
 x - an amulet of magic regeneration (around neck)
Wands
 r - a wand of iceblast (7)
Scrolls
 j - a scroll of enchant armour {unknown}
 m - a scroll of enchant weapon {unknown}
 q - a scroll of blinking {unknown}
 w - 2 scrolls of immolation {unknown}
 y - a scroll of teleportation {unknown}
 z - a scroll of noise {unknown}
Potions
 c - a potion of cancellation {unknown}
 i - a potion of mutation {unknown}
 o - a potion of flight {unknown}
 t - a potion of degeneration {unknown}
 u - a potion of magic {unknown}
 A - a potion of curing {unknown}
 B - a potion of brilliance {unknown}


   Skills:
 - Level 4.0 Fighting
 - Level 5.0 Dodging
 - Level 3.0 Stealth
 - Level 2.0 Spellcasting
 - Level 1.3 Transmutations
 - Level 1.0 Air Magic
 - Level 5.0 Poison Magic
 + Level 2.4 Invocations


You had 7 spell levels left.
You knew the following spells:

 Your Spells              Type           Power      Damage    Failure   Level
a - Sting                 Tmut/Pois      44%        1d5       6%          1
b - Poisonous Vapours     Pois/Air       20%        N/A       10%         2

Your spell library contained the following spells:

 Spells                   Type           Power      Damage    Failure   Level
 Mephitic Cloud           Conj/Pois/Air  7%         N/A       28%         3
 Olgreb's Toxic Radiance  Pois           16%        N/A       28%         4
 Sublimation of Blood     Necr           0%         N/A       32%         2
 Petrify                  Tmut/Erth      3%         N/A       86%         4
 Irradiate                Conj/Tmut      1%         3d14      99%         5


Dungeon Overview and Level Annotations

Branches:
Dungeon (6/15)
 Temple: D:4-7

Altars:
Gozag
Sif Muna
Lugonu

Annotations:
D:6 Duvessa


Innate Abilities, Weirdness & Mutations

((You are quick and stealthy near water. (Stealth+, EV+, Speed+++)))
Your lower body shifts to a powerful aquatic tail in water.


Message History

You see here a scorpion corpse.
A centaur comes into view.
Duvessa goes berserk!
The centaur shouts!
Duvessa shouts!
The centaur wields a +0 shortbow.
The centaur shoots an arrow.
The arrow closely misses you.
Casting: Sting (safe; 6% risk of failure)
Confirm with . or Enter, or press ? or * to list all spells.
Aiming: Poisonous Vapours (safe; 10% risk of failure)
Press: ? - help, Dir - move target, f - Duvessa
Aim: Duvessa, wielding a +1 rapier of venom, wearing a +0 ring mail and carrying a wand of flame (16) (moderately wounded, berserk) Poisonous vapours surround Duvessa!
Duvessa is poisoned.
Duvessa rages.
Duvessa hits you with a +1 rapier of venom!
You are poisoned.
You feel very sick.
You feel sick. Duvessa barely misses you.
You feel sick.
Casting: Poisonous Vapours (safe; 10% risk of failure)
Confirm with . or Enter, or press ? or * to list all spells.
Aiming: Poisonous Vapours (safe; 10% risk of failure)
Press: ? - help, Dir - move target, f/p - Duvessa
Aim: Duvessa, wielding a +1 rapier of venom, wearing a +0 ring mail and carrying a wand of flame (16) (heavily wounded, berserk, poisoned) Poisonous vapours surround Duvessa!
Duvessa looks even sicker.
You feel sick.
Duvessa hits you with a +1 rapier of venom!!
You are more poisoned.
Duvessa hits you with a +1 rapier of venom!
* * * LOW HITPOINT WARNING * * *
You are more poisoned.
It was a potion of heal wounds.
You feel much better.
You feel extremely sick.
Duvessa hits you with a +1 rapier of venom!
* * * LOW HITPOINT WARNING * * *
You are more poisoned.
You feel much better.
* * * LOW HITPOINT WARNING * * *
You feel extremely sick. Duvessa misses you.
Duvessa hits you with a +1 rapier of venom!
You die...

###########..# #.
#............# #.
#.#########.## #.###
#.# #.# #...# #.# #.#
#.#.####### #.# #.#
#.........# #.# #.#
##.#.#.###.####.## #.#
#......# #ce@..>.# #.#
......c###.###.####..#
#.#
#####...........†....#
#.#
...c##.......°....#
#.# #...#
#.####.####..# #.#
....e #. #○#
#..########.# #.....
#. #§# #...........#
#..... ###
#..########## #8# ...#


You could see Duvessa (berserk, poisoned) and a centaur.

Vanquished Creatures
  A sky beast (D:6)
  An ogre (D:6)
  A scorpion (D:6)
  Dowan (D:6)
  A hound (D:6)
  A centaur skeleton (D:6)
  A bullfrog skeleton (D:6)
  An adder (D:3)
  A worm (D:2)
  A dart slug (D:3)
  4 ball pythons
  4 endoplasms
  2 giant cockroaches
  6 goblins
  5 hobgoblins
  2 jackals (D:2)
  8 kobolds
  3 quokkas
  7 bats
  5 frilled lizards
  3 rats
59 creatures vanquished.

Vanquished Creatures (others)
  An acid dragon (D:6)
  2 phantoms (D:6)
  A scorpion (D:6)
  A bullfrog zombie (D:6)
5 creatures vanquished.

Grand Total: 64 creatures vanquished

Notes
Turn   | Place    | Note
-------+----------+-------------------------------------------
     0 | D:1      | oldmanjim the Merfolk Venom Mage began the quest for the
                  | Orb.
     0 | D:1      | Reached XP level 1. HP: 13/13 MP: 3/3
   137 | D:1      | Found a faded altar of an unknown god.
   175 | D:1      | Became a worshipper of Lugonu the Unformed
   175 | D:1      | Reached * piety under Lugonu
   175 | D:1      | Reached ** piety under Lugonu
   225 | D:1      | Identified a scroll of acquirement
   225 | D:1      | Acquired the ring "Uppahy" {rC+ Str+4 Slay+2 SInv}
   279 | D:1      | Reached XP level 2. HP: 16/19 MP: 0/5
   523 | D:1      | Acquired 1155 gold pieces
  1056 | D:2      | Upgraded the game from 0.27.0-66-gdc8fb28755 to 0.27.1
  1127 | D:2      | Reached XP level 3. HP: 20/25 MP: 2/6
  1221 | D:2      | Reached skill level 1 in Fighting
  1737 | D:2      | Found an opulent altar of Gozag.
  2059 | D:3      | Found a shimmering blue altar of Sif Muna.
  2109 | D:3      | Reached *** piety under Lugonu
  2122 | D:3      | Reached XP level 4. HP: 32/33 MP: 3/7
  2315 | D:3      | Learned a level 2 spell: Poisonous Vapours
  2555 | D:3      | You fall into a shaft and drop 3 floors!
  2559 | D:6      | Killed a phantom
  2570 | D:6      | Noticed a scorpion
  2583 | D:6      | Killed a scorpion
  2584 | D:6      | Reached XP level 5. HP: 38/38 MP: 8/8
  2597 | D:6      | Reached skill level 5 in Poison Magic
  2847 | D:6      | Noticed a sky beast
  2850 | D:6      | Killed an acid dragon
  2876 | D:6      | Killed a sky beast
  2877 | D:6      | Reached skill level 5 in Dodging
  2877 | D:6      | Reached skill level 1 in Air Magic
  2877 | D:6      | Reached XP level 6. HP: 32/47 MP: 9/9
  3027 | D:6      | Reached skill level 1 in Invocations
  3069 | D:6      | Noticed Dowan
  3069 | D:6      | Noticed Duvessa
  3091 | D:6      | Killed Dowan
  3252 | D:6      | Reached XP level 7. HP: 49/54 MP: 7/10
  3314 | D:6      | HP: 1/54 [Duvessa (17)]
  3315 | D:6      | Slain by Duvessa

Illustrated notes

Levels and vault maps discovered:
D:1:      dpeg_arrival_boxorama, layout_rooms, ebering_ecumenical_altar_box,
          minmay_quantized
D:2:      layout_rooms, basic_altar, nrook_mini_vaults
D:3:      layout_loops_ring, nicolae_overflow_crystal_walls
D:6:      layout_loops_ring, minmay_temple_entry_enclosed_plants,
          lemuel_flamethrower_2, uniq_duvessa

Skill      XL: |  1  2  3  4  5  6 |
---------------+-------------------+-----
Poison Magic   | 4 5 |  5.0
Stealth        | 3 |  3.0
Fighting       | 1 2 3 4 |  4.0
Dodging        | 3 4 5 |  5.0
Air Magic      | 1 |  1.0
Invocations    | 2 |  2.4
Spellcasting   | |  2.0
Transmutations | |  1.3

Action                   |  1- 3 |  4- 6 |  7- 9 || total
-------------------------+-------+-------+-------++-------
Melee: Dagger            |    21 |    19 |       ||    40
 Cast: Sting             |    63 |    24 |       ||    87
       Poisonous Vapours |       |    10 |     2 ||    12
  Use: Scroll            |     2 |       |       ||     2
       Potion            |       |       |     2 ||     2
 Stab: Sleeping          |     2 |     1 |       ||     3
Armor: Robe              |    10 |     6 |       ||    16
Dodge: Dodged            |    21 |    34 |     3 ||    58
